 Dungeon Crawl Stone Soup version 0.30-a0-263-ge22c4ad894 (webtiles) character file.

Game seed: 132922187055863426

581 themarg the Fighter (level 7, 0/71 HPs)
             Began as a Minotaur Monk on Oct 13, 2022.
             Was a Priest of Zin.
             Slain by a black bear (1 damage)
             ... on level 5 of the Dungeon.
             The game lasted 00:09:58 (3698 turns).

themarg the Fighter (Minotaur Monk)                 Turns: 3698, Time: 00:09:59

Health: 0/71       AC:  8    Str: 18    XL:     7   Next: 13%
Magic:  6/6        EV:  8    Int:  7    God:    Zin [***...]
Gold:   171        SH:  0    Dex: 12    Spells: 6/6 levels left

rFire   . . .      SeeInvis .    a - +0 short sword
rCold   . . .      Faith    .    (no shield)
rNeg    . . .      Spirit   .    w - +0 chain mail
rPois   .          Reflect  .    (helmet restricted)
rElec   .          Harm     .    (no cloak)
rCorr   +          Rampage  .    (no gloves)
Will    .....                    (no boots)
Stlth   ..........               (no amulet)
HPRegen 0.31/turn                j - ring of resist corrosion
MPRegen 0.10/turn                (no ring)

@: no status effects
A: horns 2, retaliatory headbutt
a: Renounce Religion, Recite, Vitalisation, Imprison, Donate Gold


You were on level 5 of the Dungeon.
You worshipped Zin.
Zin was most pleased with you.
You visited 2 branches of the dungeon, and saw 6 of its levels.

You collected 189 gold pieces.
You donated 18 gold pieces to Zin.

Inventory:

Hand Weapons
 a - a +0 short sword (weapon)
Missiles
 e - 4 silver boomerangs (quivered)
 g - 29 stones
 p - 8 poisoned darts
 t - 2 boomerangs
Armour
 w - a +0 chain mail (worn)
Jewellery
 j - a ring of resist corrosion (left hand)
Scrolls
 b - a scroll of brand weapon {unknown}
 f - 2 scrolls of amnesia {unknown}
 i - a scroll of teleportation {unknown}
 o - 2 scrolls of identify {unknown}
 u - a scroll of fear {unknown}
Potions
 c - 2 potions of ambrosia
 k - a potion of haste {unknown}
 l - a potion of lignification {unknown}
 m - a potion of attraction {unknown}
 n - a potion of might {unknown}
 q - a potion of resistance {unknown}
 r - 2 potions of curing {unknown}
 s - a potion of heal wounds {unknown}
 v - a potion of magic {unknown}


   Skills:
 * Level 9.7 Fighting
 - Level 3.4 Short Blades
 - Level 3.4 Dodging
 - Level 1.7 Stealth


You had 6 spell levels left.
You didn't know any spells.
Your spell library contained the following spells:

 Spells                   Type           Power      Damage    Failure   Level
 Magic Dart               Conj           0%         1d3       100%        1
 Call Imp                 Summ           0%         N/A       100%        2
 Mephitic Cloud           Conj/Pois/Air  0%         N/A       100%        3


Dungeon Overview and Level Annotations

Branches:
Dungeon (5/15)             Temple (1/1) D:4

Altars:
Elyvilon
Nemelex Xobeh
Qazlal
Sif Muna
Zin


Innate Abilities, Weirdness & Mutations

You have a pair of horns on your head.
You reflexively headbutt those who attack you in melee.


Message History

The black bear claws you.
You hit the black bear.
The black bear is almost dead.
The black bear bites you!
* * * LOW HITPOINT WARNING * * *
The black bear claws you but does no damage.
The black bear barely misses you.
You closely miss the black bear.
The black bear is almost dead.
The black bear completely misses you. The black bear barely misses you.
The black bear claws you but does no damage.
You hit the black bear but do no damage.
Your headbutt misses the black bear.
The black bear is almost dead.
The black bear bites you!
* * * LOW HITPOINT WARNING * * *
The black bear barely misses you. The black bear claws you.
* * * LOW HITPOINT WARNING * * *
The black bear bites you but does no damage.
The black bear barely misses you. The black bear claws you.
* * * LOW HITPOINT WARNING * * *
Aiming: Imprison (65% risk of failure)
Press: ? - help, Dir - move target, f - black bear
Aim: a black bear (almost dead, berserk)
You need more space to imprison the black bear.
You closely miss the black bear. Your headbutt misses the black bear.
The black bear is almost dead.
The black bear bites you but does no damage.
The black bear claws you but does no damage. x2
You fail to use your ability.
The black bear barely misses you. The black bear closely misses you.
The black bear claws you but does no damage.
You hit the black bear.
You headbutt the black bear, but do no damage.
The black bear is almost dead.
The black bear bites you!
* * * LOW HITPOINT WARNING * * *
The black bear claws you but does no damage. x2
The black bear bites you.
You die...

#.# ..# #.# #.##########
### #.#........#
..#####.#........#
........#........####.##
.......['.......@h.....>
..#####.#...............
### #.#........######.
.# #.#........# .#
#.##########
.######.........
.'..............
.####........... .#
####........


You could see a black bear (berserk).

Vanquished Creatures
  2 phantoms
  A scorpion (D:4)
  A howler monkey (D:3)
  4 hounds (D:5)
  4 iguanas
  4 adders
  An ufetubus (D:5)
  2 worms
  A dart slug (D:4)
  An orc (D:4)
  6 ball pythons
  9 endoplasms
  2 giant cockroaches
  5 goblins
  4 hobgoblins
  5 quokkas
  5 bats
  A frilled lizard (D:1)
  10 kobolds
  3 rats
71 creatures vanquished.

Notes
Turn   | Place    | Note
-------+----------+-------------------------------------------
     0 | D:1      | themarg the Minotaur Monk began the quest for the Orb.
     0 | D:1      | Reached XP level 1. HP: 19/19 MP: 0/0
   177 | D:1      | Reached skill level 4 in Fighting
   177 | D:1      | Reached XP level 2. HP: 22/27 MP: 1/1
   892 | D:1      | Upgraded the game from 0.30-a0-250-g41c1d76940 to
                  | 0.30-a0-263-ge22c4ad894
   935 | D:2      | Reached XP level 3. HP: 21/35 MP: 2/2
  1020 | D:2      | Reached skill level 5 in Fighting
  1879 | D:3      | Reached XP level 4. HP: 40/44 MP: 3/3
  2031 | D:4      | Noticed a phantom
  2054 | D:3      | Killed a phantom
  2055 | D:3      | Reached skill level 6 in Fighting
  2055 | D:3      | Reached XP level 5. HP: 20/51 MP: 4/4
  2081 | D:3      | Reached skill level 7 in Fighting
  2481 | D:4      | Reached skill level 8 in Fighting
  2481 | D:4      | Reached XP level 6. HP: 19/61 MP: 5/5
  2834 | D:4      | Found a staircase to the Ecumenical Temple.
  2928 | Temple   | Entered the Ecumenical Temple
  2950 | Temple   | Became a worshipper of Zin the Law-Giver
  2950 | Temple   | Reached * piety under Zin
  2950 | Temple   | Reached ** piety under Zin
  3223 | D:5      | Entered Level 5 of the Dungeon
  3298 | D:5      | Reached *** piety under Zin
  3380 | D:5      | Reached skill level 9 in Fighting
  3627 | D:5      | Reached XP level 7. HP: 59/71 MP: 6/6
  3698 | D:5      | HP: 1/71 [black bear (7)]
  3698 | D:5      | Slain by a black bear

Illustrated notes

Levels and vault maps discovered:
D:1:      lemuel_arrival_tunnels, layout_basic, minmay_misc_feat_tower
D:2:      layout_rooms, kennysheep_generic_room_15
D:3:      layout_loops_cross, hangedman_decor_clover_reticule,
          minmay_misc_feat_tiny
D:4:      layout_cave_pools, minmay_temple_entry_enclosed_plants,
          minmay_quantized
D:5:      minmay_bubble_buster, layout_basic
Temple:   bh_familiar_temple

Skill      XL: |  1  2  3  4  5  6 |
---------------+-------------------+-----
Fighting       | 4 5 6 8 9 |  9.7
Short Blades   | |  3.4
Dodging        | |  3.4
Stealth        | |  1.7

Action                   |  1- 3 |  4- 6 |  7- 9 || total
-------------------------+-------+-------+-------++-------
Melee: Short sword       |   109 |   162 |    25 ||   296
       Headbutt          |    20 |    29 |     3 ||    52
       Punch             |     1 |     1 |       ||     2
 Stab: Sleeping          |     3 |       |       ||     3
Armor: Robe              |     8 |       |       ||     8
       Ring mail         |    14 |    33 |       ||    47
       Chain mail        |       |    10 |    32 ||    42
Dodge: Dodged            |    59 |    75 |    21 ||   155

Table legend: (Time is in decaauts)
 A = Elapsed time spent in this place.
 B = Non-inter-level travel time spent in this place.
 C = Inter-level travel time spent in this place.
 D = Time resting spent in this place.
 E = Time spent auto-exploring this place.
 F = Levels seen in this place.
 G = Mean time per level.
                   A        B        C        D        E       F      G
               +--------+--------+--------+--------+--------+-----+--------+
         Total |   3648 |   3519 |    129 |    413 |   2528 |   6 |  608.0 |
       Dungeon |   3612 |   3495 |    117 |    413 |   2512 |   5 |  722.4 |
        Temple |     35 |     23 |     12 |      0 |     16 |   1 |   35.0 |
               +--------+--------+--------+--------+--------+-----+--------+

Top non-repeatable levels by time:
     D:4: 996 daAuts
     D:1: 909 daAuts
     D:3: 723 daAuts
     D:2: 522 daAuts
     D:5: 461 daAuts
  Temple: 35 daAuts
